AoeStats
← ML16798

MegaRandom

510151049Analyzed
4v4 RM · 3d ago on Sep 29, 2026· 24m 45s· 8 players
Game mode
Random Map
Map size
Large (8 player)
Population
200
Speed
Normal
Resources
Standard
Victory
Conquest
Starting age
Dark Age
Ending age
Imperial Age
RankedLock teamsTeams togetherTeam positionsShared explorationLock speedFull tech treeHidden civsTurbo modeCheats
Victory
Defeat
🇨🇳 Ethiopians · China
1006
+18
🇧🇷 Mongols · Brazil
1003
+18
🇦🇷 Bulgarians · Argentina
979
+19
🇯🇵 Franks · Japan
957
+20
🇫🇷 Mongols · France
1081
-21
🇫🇷 Varangians · France
1065
-19
🇵🇱 Portuguese · Poland
1048
-19
🇹🇷 Persians · Türkiye
980
-16
squeezecheese21
5:44 Loom
13:48 Feudal Age
16:18 Horse Collar
16:26 Double-Bit Axe
17:04 Fishing Lines
19:47 Town Watch
20:37 Wheelbarrow
20:09 Gold Mining
20:09 Stone Mining
24:45 Castle Age
BELNA
10:54 Feudal Age
11:08 Loom
13:34 Fletching
18:11 Padded Archer Armor
21:40 Castle Age
21:41 Gold Mining
21:41 Stone Mining
21:40 Double-Bit Axe
GreatKnot19365
12:31 Feudal Age
11:34 Loom
18:10 Castle Age
16:54 Double-Bit Axe
17:13 Horse Collar
18:12 Fletching
18:23 Elite Skirmisher
22:50 Bodkin Arrow
Kazunoa
3:54 Loom
11:08 Feudal Age
15:41 Double-Bit Axe
15:49 Gold Mining
17:56 Fletching
ML16798
1:43 Loom
11:29 Feudal Age
11:55 Town Watch
11:58 Double-Bit Axe
12:07 Gold Mining
20:08 Castle Age
FeHZappa
6:57 Loom
10:58 Feudal Age
13:02 Double-Bit Axe
15:02 Fletching
18:06 Padded Archer Armor
21:03 Horse Collar
25:30 Castle Age
24:26 Gold Mining
kagemusha
11:01 Feudal Age
9:17 Loom
12:22 Wheelbarrow
12:03 Double-Bit Axe
18:42 Castle Age
17:10 Gold Mining
19:11 Scale Barding Armor
23:24 Bow Saw
24:33 Hand Cart
24:06 Town Watch
w
5:12 Loom
11:46 Feudal Age
18:00 Castle Age
18:11 Double-Bit Axe
19:40 Fletching
22:50 Bow Saw
Connection lost

Rejoining the realm…

Still unreachable

The connection could not be restored.

Session expired

The server has moved on; the page needs a fresh start.